 Dungeon Crawl Stone Soup version 0.14-a0-1637-gd423c14 (webtiles) character file.

386 Piginabag the Ducker (level 5, -1/36 (41) HPs)
             Began as a Demonspawn Monk on Dec 26, 2013.
             Slain by an orc (3 damage)
             ... on Level 4 of the Dungeon.
             The game lasted 00:11:00 (4478 turns).

Piginabag the Ducker (Demonspawn Monk)              Turns: 4478, Time: 00:11:00

HP  -1/36 (41)   AC  9     Str 12      XL: 5   Next: 78%
MP   5/5         EV  7     Int 12      God:
Gold 148         SH  0     Dex 15      Spells:  0 memorised,  4 levels left

rFire  . . .     SeeInvis .     m - +2,-1 war axe (chop)
rCold  . . .     Clarity  .     t - +0 scale mail
rNeg   . . .     Conserve .     (no shield)
rPois  .         rCorr    .     (no helmet)
rElec  .         rRot     .     (no cloak)
SustAb . .       Spirit   .     h - +2 pair of gloves
rMut   .         Warding  .     (no boots)
Saprov + . .     Stasis   .     (no amulet)
                                (no ring)
                                (no ring)

@: heavily drained, slightly resistant to hostile enchantments, extremely
unstealthy
A: saprovore 1, spiny 1
a: no special abilities


You were on level 4 of the Dungeon.
You were not hungry.

You visited 1 branch of the dungeon, and saw 4 of its levels.

You collected 148 gold pieces.

Inventory:

Hand weapons
 m - a +2,-1 war axe of chopping (weapon)
Armour
 a - a +0 robe
 h - a +2 pair of gloves (worn)
 t - a +0 scale mail (worn)
Comestibles
 b - 3 bread rations
 n - 10 grapes
 r - a meat ration
 w - 2 pears
 x - a chunk of worm flesh
Scrolls
 e - 5 scrolls of remove curse {unknown}
 k - a scroll of teleportation
 l - a scroll of identify {unknown}
 o - a scroll of blinking {unknown}
 u - a scroll of amnesia
Jewellery
 q - an uncursed ring of wizardry {unknown}
 v - an uncursed amulet of rage {unknown}
Potions
 c - a potion of lignification
 d - a potion of brilliance {unknown}
 f - 2 potions of speed
 g - a potion of might {unknown}
 i - a potion of magic {unknown}
 j - a potion of paralysis {unknown}
 p - a potion of agility {unknown}
 s - a potion of curing {unknown}


   Skills:
 + Level 3.6(2.1) Fighting
 + Level 1.5(0.1) Axes
 + Level 1.0(0.0) Armour
 + Level 4.2(2.7) Dodging
 + Level 2.5(1.1) Stealth
 + Level 4.1(2.6) Unarmed Combat


You had 4 spell levels left.
You didn't know any spells.

Dungeon Overview and Level Annotations

Branches:
Dungeon (4/16)
 Temple: D:4-7

Altars:
Makhleb


Innate Abilities, Weirdness & Mutations

You can tolerate rotten meat.
You are partially covered in sharp spines.


Message History

You hit the orc but do no damage. The orc completely misses you.
The orc barely misses you.
You closely miss the orc. The orc barely misses you.
You hit the orc but do no damage. The orc hits you.
* * * LOW HITPOINT WARNING * * *
The orc hits you but does no damage.
You closely miss the orc. The orc barely misses you.
You hit the orc.
The orc is moderately wounded.
The orc hits you.
* * * LOW HITPOINT WARNING * * *
The orc hits you but does no damage.
You closely miss the orc.
The orc is moderately wounded.
The orc hits you.
* * * LOW HITPOINT WARNING * * *
You hit the orc but do no damage.
The orc is moderately wounded.
The orc hits you.
You die...

................###.
...........###...###.
............###.......
.............###.......
........................
.....[..................
(..........###..........
............###..........
........@)..###..........
.......)o)...............
........................
........................
...........###..........
..........###..........
.........###..........
..................... ...
............


You could see an orc.

Vanquished Creatures
  A jelly (D:3)
  An orc priest (D:4)
  4 adders
  7 gnolls
  2 worms
  2 giant geckos
  4 orcs
  6 bats
  5 hobgoblins
  2 jackals (D:2)
  12 kobolds
  A ball python (D:2)
  5 giant cockroaches
  2 giant newts
  5 goblins
  2 quokkas (D:2)
  9 rats
70 creatures vanquished.

Notes
Turn   | Place    | Note
--------------------------------------------------------------
     0 | D:1      | Piginabag, the Demonspawn Monk, began the quest for the Orb.
     0 | D:1      | Reached XP level 1. HP: 18/18 MP: 1/1
   725 | D:1      | Gained mutation: You can tolerate rotten meat. [demonic ancestry]
   725 | D:1      | Reached XP level 2. HP: 14/24 MP: 2/2
  1877 | D:2      | Gained mutation: You are partially covered in sharp spines. [demonic ancestry]
  1877 | D:2      | Reached XP level 3. HP: 17/24 MP: 3/3
  2040 | D:2      | Reached skill level 4 in Unarmed Combat
  2241 | D:2      | Reached XP level 4. HP: 20/30 MP: 4/4
  3036 | D:3      | Found a burning altar of Makhleb.
  3237 | D:2      | Reached XP level 5. HP: 20/36 MP: 5/5
  3680 | D:3      | Reached skill level 1 in Axes
  4470 | D:4      | Reached skill level 1 in Armour
  4478 | D:4      | Slain by an orc

Action                   |  1- 3 |  4- 6 || total
-------------------------+-------+-------++-------
Melee: Unarmed           |   100 |    36 ||   136
       War axe           |    18 |    70 ||    88
  Use: Potion            |     1 |       ||     1
       Scroll            |       |     6 ||     6
 Stab: Sleeping          |     5 |       ||     5
